 Dungeon Crawl Stone Soup version 0.29.0-4-gdea44cf6ec (webtiles) character file.

Game seed: 5642915346322730544

2034 qw the Cleaver (level 9, -9/56 HPs)
             Began as a Gargoyle Fighter on Sept 3, 2022.
             Engulfed by a steam dragon's steam (14 damage)
             ... on level 7 of the Dungeon.
             The game lasted 00:04:06 (7367 turns).

qw the Cleaver (Gargoyle Fighter)                   Turns: 7367, Time: 00:04:07

Health: -9/56      AC: 20    Str: 25    XL:     9   Next: 24%
Magic:  9/9        EV:  8    Int:  8    God:
Gold:   394        SH:  4    Dex:  9    Spells: 8/8 levels left

rFire   . . .      SeeInvis .   Y - +0 war axe (flame)
rCold   . . .      Faith    .   c - +0 buckler
rNeg    + . .      Spirit   .   b - +1 shadow dragon scales
rPois   inf        Reflect  .   (no helmet)
rElec   +          Harm     .   (no cloak)
rCorr   .          Rampage  .   (no gloves)
Will    .....                   (no boots)
Stlth   ++........              a - amulet of the acrobat
HPRegen 0.18/turn               (no ring)
MPRegen 0.11/turn               (no ring)

@: no status effects
A: sickness immunity, AC +6, negative energy resistance 1, electricity
resistance, torment resistance 1, petrification resistance, mutation resistance
1
a: no special abilities


You were on level 7 of the Dungeon.
You visited 1 branch of the dungeon, and saw 7 of its levels.

You collected 394 gold pieces.


Innate Abilities, Weirdness & Mutations

You are immune to sickness and miasma.
Your stone body is resilient. (AC +6)
You are immune to poison.
You resist negative energy. (rN+)
You are resistant to electric shocks. (rElec)
You are resistant to unholy torment.
You are immune to petrification.
You are somewhat resistant to further mutation.


   Skills:
 - Level 6.3 Fighting
 - Level 9.0 Axes
 - Level 2.2 Throwing
 - Level 4.0 Armour
 - Level 1.7 Dodging
 + Level 3.9 Shields


You had 8 spell levels left.
You didn't know any spells.
Your spell library was empty.

Inventory:

Hand Weapons
 Y - a +0 war axe of flaming (weapon)
Missiles
 f - 13 boomerangs
 h - 5 javelins (quivered)
Armour
 b - +1 shadow dragon scales (worn)
 c - a +0 buckler (worn)
Jewellery
 a - an amulet of the acrobat (around neck)
 i - the ring of the Equinox {Str+6 Dex+3}
   (You found it on level 7 of the Dungeon)

   [ring of strength]

   Str:       It affects your strength (+6).
   Dex:       It affects your dexterity (+3).
 o - the ring of the Ban {Ice rElec Will- Str+3}
   (You found it on level 7 of the Dungeon)

   [ring of ice]

   It enhances your ice magic.
   Str:       It affects your strength (+3).
   rF:        It makes you vulnerable to fire.
   rC:        It protects you from cold.
   rElec:     It insulates you from electricity.
   Will:      It decreases your willpower.
Scrolls
 j - a scroll of teleportation {unknown}
 l - 4 scrolls of identify
 n - a scroll of amnesia {unknown}
Potions
 d - a potion of might
 e - a potion of resistance
 g - a potion of mutation
 k - 4 potions of haste
 m - a potion of curing {unknown}

Dungeon Overview and Level Annotations

Branches:
Dungeon (7/15)
 Temple: D:4-7

Altars:
Ashenzari
Elyvilon
Gozag
Sif Muna
Vehumet
Zin

Shops:
D:6 *

Annotations:
D:7 qw's ghost, novice FoCA


Message History

The orc hits you from afar with a +0 trident.
You hit the orc warrior. You burn the orc warrior.
The orc warrior is moderately wounded.
You closely miss the steam dragon.
You are engulfed in a cloud of scalding steam.
The orc warrior is engulfed in a cloud of scalding steam.
The orc warrior hits you but does no damage.
The orc closely misses you. The steam dragon bites you.
The steam dragon claws you but does no damage.
You hit the orc warrior but do no damage.
The orc warrior is moderately wounded.
You barely miss the steam dragon.
The orc warrior is engulfed in a cloud of scalding steam.
The orc warrior hits you with a +0 glaive.
The orc hits you but does no damage.
The steam dragon bites you but does no damage.
The steam dragon claws you but does no damage.
You closely miss the orc warrior.
The orc warrior is moderately wounded.
You barely miss the orc. You hit the steam dragon. You burn the steam dragon.
The orc hits you but does no damage.
The orc warrior hits you but does no damage.
The orc hits you but does no damage.
The steam dragon bites you but does no damage.
The steam dragon claws you but does no damage.
You barely miss the orc warrior.
The orc warrior is moderately wounded.
You closely miss the orc. You slash the steam dragon!
You burn the steam dragon. You block the orc's attack.
The orc warrior hits you but does no damage.
The orc hits you but does no damage. The steam dragon breathes steam at you.
The ball of steam misses you.
You barely miss the steam dragon.
The steam dragon is heavily wounded.
You hit the orc warrior. You burn the orc warrior. You slash the orc!
You burn the orc.
You kill the orc!
You are engulfed in a cloud of scalding steam.
You die...

#.####..# #...##
#....%
#.......####.....#
#.#.(#
#..####...........
....#.#
#..............#
#.###.#.#
##.#####.#<###....
#.#.# #####.#.#
#.#.# ....¤...#
#.+ #####¤#.## #.#
#####..o@..# #.#
.......)#D## #..
...((..o#o# #.#
#####..##.# . #..
#.. #.. #.# ## #(.
#.# ##. #.( D.#
#.. ##. ... #..


You could see a steam dragon (catching breath), an orc warrior and 2 orcs.

Vanquished Creatures
  Grinder (D:6)
  A wyvern (D:7)
  3 ice beasts
  2 sky beasts (D:7)
  A black bear (D:4)
  A bullfrog (D:5)
  4 scorpions
  3 killer bees (D:7)
  2 hounds
  A jelly (D:7)
  2 orc priests
  4 iguanas
  9 orc wizards
  A gnoll (D:4)
  11 adders
  A river rat (D:6)
  A shadow imp (D:5)
  A white imp (D:4)
  2 ufetubi (D:6)
  4 dart slugs
  19 orcs
  7 bats
  5 endoplasms
  5 giant cockroaches
  5 goblins
  5 hobgoblins
  8 kobolds
  4 quokkas
  4 ball pythons
  2 frilled lizards
  8 rats
127 creatures vanquished.

Notes
Turn   | Place    | Note
-------+----------+-------------------------------------------
     0 | D:1      | qw the Gargoyle Fighter began the quest for the Orb.
     0 | D:1      | Reached XP level 1. HP: 14/14 MP: 1/1
     0 | D:1      | 0 ||| qw: Version: 0.1-a-102-g441f92d
     0 | D:1      | 0 ||| qw: Game counter: 5273
     0 | D:1      | 0 ||| qw: Always use a shield: true
     0 | D:1      | 0 ||| qw: God list: Okawaru
     0 | D:1      | 0 ||| qw: Allow faded altars: false
     0 | D:1      | 0 ||| qw: Do Orc after D:15 true
     0 | D:1      | 0 ||| qw: Do second Lair branch before Depths: true
     0 | D:1      | 0 ||| qw: Lair rune preference: random
     0 | D:1      | 0 ||| qw: Plans: Normal
     0 | D:1      | 0 ||| PLANNING D:1-11
   135 | D:1      | Reached skill level 2 in Axes
   286 | D:1      | 286 ||| DROPPING +0 club.
   305 | D:1      | Reached XP level 2. HP: 18/19 MP: 2/2
   388 | D:1      | Found a faded altar of an unknown god.
   768 | D:1      | 768 ||| READING scroll labelled OSCHOO MITEGI.
   769 | D:1      | 769 ||| DROPPING +0 mace.
   770 | D:1      | 770 ||| READING scroll labelled ZIUMEN RIRCHURPHAB.
   771 | D:1      | 771 ||| READING scroll labelled ZAEDAROBIA.
   772 | D:1      | 772 ||| READING scroll labelled PEIRIK MOICYN.
   773 | D:1      | 773 ||| READING 2 scrolls labelled PIRURCHETAA.
   774 | D:1      | 774 ||| READING scroll labelled PAOF ZERENE.
   775 | D:1      | 775 ||| DRINKING 3 dark potions.
   776 | D:1      | 776 ||| DROPPING 2 potions of flight.
   888 | D:2      | Reached skill level 3 in Axes
   888 | D:2      | Reached XP level 3. HP: 21/23 MP: 3/3
   921 | D:2      | 921 ||| Stepping ~*~*~tactically~*~*~ (stealth).
   972 | D:2      | Reached skill level 1 in Throwing
  1124 | D:2      | Reached XP level 4. HP: 26/28 MP: 4/4
  1717 | D:2      | 1717 ||| UPGRADING to +0 chain mail.
  1727 | D:2      | 1727 ||| DROPPING +0 scale mail.
  1728 | D:2      | 1728 ||| UPGRADING to amulet of the acrobat.
  1733 | D:2      | 1733 ||| READING scroll labelled EMEARI UTUSULL.
  1734 | D:2      | 1734 ||| DRINKING 3 viscous grey potions.
  1735 | D:2      | 1735 ||| DRINKING 2 bubbling purple potions.
  1736 | D:2      | 1736 ||| READING 2 scrolls of identify.
  1736 | D:2      | 1736 ||| IDENTIFYING red potion
  1737 | D:2      | 1737 ||| DROPPING potion of attraction.
  1738 | D:2      | 1738 ||| DROPPING potion of degeneration.
  1834 | D:3      | Found a broken altar of Ashenzari.
  1871 | D:3      | Found a glowing silver altar of Zin.
  1936 | D:3      | Reached skill level 4 in Axes
  2154 | D:3      | Reached XP level 5. HP: 24/32 MP: 5/5
  2154 | D:3      | 2154 ||| FLEEEEING.
  2155 | D:3      | 2155 ||| FLEEEEING.
  2156 | D:3      | 2156 ||| FLEEEEING.
  2157 | D:3      | 2157 ||| FLEEEEING.
  2158 | D:3      | 2158 ||| FLEEEEING.
  2159 | D:3      | 2159 ||| FLEEEEING.
  2160 | D:3      | 2160 ||| FLEEEEING.
  2161 | D:3      | 2161 ||| FLEEEEING.
  2163 | D:3      | 2163 ||| FLEEEEING.
  2164 | D:3      | 2164 ||| FLEEEEING.
  2165 | D:3      | 2165 ||| FLEEEEING.
  2166 | D:3      | 2166 ||| FLEEEEING.
  2167 | D:3      | 2167 ||| FLEEEEING.
  2168 | D:3      | 2168 ||| FLEEEEING.
  2169 | D:3      | 2169 ||| FLEEEEING.
  2170 | D:3      | 2170 ||| FLEEEEING.
  2171 | D:3      | 2171 ||| FLEEEEING.
  2172 | D:3      | 2172 ||| FLEEEEING.
  2173 | D:3      | 2173 ||| FLEEEEING.
  2174 | D:3      | 2174 ||| FLEEEEING.
  2175 | D:3      | 2175 ||| FLEEEEING.
  2176 | D:3      | 2176 ||| FLEEEEING.
  2177 | D:3      | 2177 ||| FLEEEEING.
  2178 | D:3      | 2178 ||| FLEEEEING.
  2179 | D:3      | 2179 ||| STAIRDANCE
  2281 | D:2      | 2281 ||| UPGRADING to +0 shadow dragon scales.
  2291 | D:2      | 2291 ||| DROPPING +0 chain mail.
  2292 | D:2      | 2292 ||| READING scroll of enchant armour.
  2292 | D:2      | 2292 ||| ENCHANTING +0 shadow dragon scales.
  2293 | D:2      | 2293 ||| READING scroll labelled ASIOZEEHOV.
  2294 | D:2      | 2294 ||| READING scroll labelled SUQ DAM UFYCW.
  2395 | D:2      | 2395 ||| READING 3 scrolls of identify.
  2395 | D:2      | 2395 ||| IDENTIFYING metallic golden potion
  2396 | D:2      | 2396 ||| DROPPING potion of ambrosia.
  2399 | D:3      | 2399 ||| STAIRDANCE
  2694 | D:3      | 2694 ||| Stepping ~*~*~tactically~*~*~ (stealth).
  2695 | D:3      | 2695 ||| Stepping ~*~*~tactically~*~*~ (stealth).
  2697 | D:3      | 2697 ||| Stepping ~*~*~tactically~*~*~ (stealth).
  2782 | D:3      | 2782 ||| Stepping ~*~*~tactically~*~*~ (stealth).
  2783 | D:3      | 2783 ||| Stepping ~*~*~tactically~*~*~ (stealth).
  2787 | D:3      | 2787 ||| Stepping ~*~*~tactically~*~*~ (stealth).
  2823 | D:3      | 2823 ||| Stepping ~*~*~tactically~*~*~ (hiding).
  2835 | D:3      | 2835 ||| Stepping ~*~*~tactically~*~*~ (hiding).
  2848 | D:3      | Reached skill level 5 in Axes
  2945 | D:3      | Reached XP level 6. HP: 34/38 MP: 6/6
  2988 | D:4      | 2988 ||| Stepping ~*~*~tactically~*~*~ (hiding).
  3094 | D:4      | 3094 ||| Stepping ~*~*~tactically~*~*~ (hiding).
  3100 | D:4      | 3100 ||| Stepping ~*~*~tactically~*~*~ (hiding).
  3362 | D:4      | 3362 ||| Stepping ~*~*~tactically~*~*~ (hiding).
  3792 | D:4      | Reached skill level 6 in Axes
  3977 | D:4      | Noticed a black bear
  3983 | D:4      | Killed a black bear
  3984 | D:4      | Reached skill level 1 in Dodging
  3984 | D:4      | Reached XP level 7. HP: 43/43 MP: 7/7
  4120 | D:5      | Entered Level 5 of the Dungeon
  4121 | D:5      | 4121 ||| PLANNING OSSUARY
  4141 | D:5      | 4141 ||| FLEEEEING.
  4142 | D:5      | 4142 ||| FLEEEEING.
  4144 | D:5      | 4144 ||| FLEEEEING.
  4145 | D:5      | 4145 ||| FLEEEEING.
  4146 | D:5      | 4146 ||| FLEEEEING.
  4147 | D:5      | 4147 ||| FLEEEEING.
  4148 | D:5      | 4148 ||| FLEEEEING.
  4149 | D:5      | 4149 ||| STAIRDANCE
  4501 | D:5      | 4501 ||| Stepping ~*~*~tactically~*~*~ (stealth).
  4503 | D:5      | 4503 ||| Stepping ~*~*~tactically~*~*~ (stealth).
  4568 | D:5      | Reached skill level 7 in Axes
  4721 | D:5      | 4721 ||| RIP OSSUARY
  4762 | D:5      | 4762 ||| PLANNING D:1-11
  4780 | D:5      | 4780 ||| Stepping ~*~*~tactically~*~*~ (stealth).
  4782 | D:5      | 4782 ||| Stepping ~*~*~tactically~*~*~ (hiding).
  4783 | D:5      | 4783 ||| Stepping ~*~*~tactically~*~*~ (hiding).
  4795 | D:5      | 4795 ||| FLEEEEING.
  4848 | D:5      | 4848 ||| Stepping ~*~*~tactically~*~*~ (stealth).
  5073 | D:5      | Reached XP level 8. HP: 29/48 MP: 8/8
  5202 | D:5      | 5202 ||| DROPPING +6 ring of intelligence.
  5203 | D:5      | 5203 ||| READING scroll labelled WEHOENWESKY.
  5204 | D:5      | 5204 ||| Stepping randomly (stuck).
  5205 | D:5      | 5205 ||| Stepping randomly (stuck).
  5208 | D:5      | 5208 ||| Stepping randomly (stuck).
  5209 | D:5      | 5209 ||| Stepping randomly (stuck).
  5211 | D:5      | 5211 ||| Stepping randomly (stuck).
  5212 | D:5      | 5212 ||| Stepping randomly (stuck).
  5213 | D:5      | 5213 ||| Stepping randomly (stuck).
  5214 | D:5      | 5214 ||| Stepping randomly (stuck).
  5215 | D:5      | 5215 ||| Stepping randomly (stuck).
  5216 | D:5      | 5216 ||| Stepping randomly (stuck).
  5217 | D:5      | 5217 ||| Stepping randomly (stuck).
  5218 | D:5      | 5218 ||| Stepping randomly (stuck).
  5219 | D:5      | 5219 ||| Stepping randomly (stuck).
  5220 | D:5      | 5220 ||| Stepping randomly (stuck).
  5221 | D:5      | 5221 ||| Stepping randomly (stuck).
  5222 | D:5      | 5222 ||| Stepping randomly (stuck).
  5223 | D:5      | 5223 ||| Stepping randomly (stuck).
  5542 | D:5      | Found a shimmering blue altar of Sif Muna.
  5869 | D:6      | 5869 ||| PLANNING SEWER
  6011 | D:6      | Found a radiant altar of Vehumet.
  6076 | D:6      | Found a white marble altar of Elyvilon.
  6094 | D:6      | Found an opulent altar of Gozag.
  6096 | D:6      | Noticed Grinder
  6097 | D:6      | 6097 ||| Stepping ~*~*~tactically~*~*~ (stealth).
  6098 | D:6      | 6098 ||| Stepping ~*~*~tactically~*~*~ (stealth).
  6099 | D:6      | 6099 ||| Stepping ~*~*~tactically~*~*~ (stealth).
  6103 | D:6      | 6103 ||| Stepping ~*~*~tactically~*~*~ (hiding).
  6104 | D:6      | 6104 ||| Stepping ~*~*~tactically~*~*~ (hiding).
  6109 | D:6      | Paralysed by Grinder for 5 turns
  6124 | D:6      | Killed Grinder
  6268 | D:6      | 6268 ||| Stepping ~*~*~tactically~*~*~ (stealth).
  6274 | D:6      | 6274 ||| Stepping ~*~*~tactically~*~*~ (stealth).
  6275 | D:6      | 6275 ||| Stepping ~*~*~tactically~*~*~ (stealth).
  6332 | D:6      | Found Luatoh's Lightly-Used Armoury.
  6341 | D:6      | 6341 ||| SHOPLISTING -2 crystal plate armour (980 gold,
                  | have 372).
  6463 | D:6      | 6463 ||| RIP SEWER
  6477 | D:6      | 6477 ||| PLANNING D:1-11
  6478 | D:6      | 6478 ||| Stepping ~*~*~tactically~*~*~ (stealth).
  6480 | D:6      | 6480 ||| Stepping ~*~*~tactically~*~*~ (stealth).
  6481 | D:6      | 6481 ||| Stepping ~*~*~tactically~*~*~ (stealth).
  6483 | D:6      | 6483 ||| Stepping ~*~*~tactically~*~*~ (stealth).
  6484 | D:6      | 6484 ||| Stepping ~*~*~tactically~*~*~ (stealth).
  6485 | D:6      | 6485 ||| Stepping ~*~*~tactically~*~*~ (stealth).
  6492 | D:6      | 6492 ||| Stepping ~*~*~tactically~*~*~ (stealth).
  6496 | D:6      | 6496 ||| Stepping ~*~*~tactically~*~*~ (stealth).
  6498 | D:6      | 6498 ||| Stepping ~*~*~tactically~*~*~ (stealth).
  6500 | D:6      | 6500 ||| Stepping ~*~*~tactically~*~*~ (stealth).
  6501 | D:6      | 6501 ||| Stepping ~*~*~tactically~*~*~ (stealth).
  6507 | D:6      | 6507 ||| Stepping ~*~*~tactically~*~*~ (stealth).
  6509 | D:6      | 6509 ||| Stepping ~*~*~tactically~*~*~ (stealth).
  6825 | D:6      | 6825 ||| DRINKING 2 fuming orange potions.
  6825 | D:6      | Gained mutation: You are somewhat resistant to further
                  | mutation. [potion of mutation]
  6826 | D:6      | 6826 ||| READING 3 scrolls of identify.
  6826 | D:6      | 6826 ||| IDENTIFYING fuming cyan potion
  6883 | D:7      | Identified the ring of the Equinox {Str+6 Dex+3}
  6892 | D:7      | Noticed a wyvern
  6894 | D:7      | Killed a wyvern
  6895 | D:7      | Reached skill level 8 in Axes
  6902 | D:7      | Noticed a hornet
  6906 | D:7      | Noticed qw's ghost (novice FoCA)
  6908 | D:7      | Noticed a five-headed hydra
  6926 | D:7      | 6926 ||| Stepping ~*~*~tactically~*~*~ (stealth).
  6938 | D:7      | Reached skill level 6 in Fighting
  6938 | D:7      | Reached XP level 9. HP: 40/56 MP: 9/9
  7076 | D:7      | 7076 ||| Stepping ~*~*~tactically~*~*~ (stealth).
  7078 | D:7      | 7078 ||| Stepping ~*~*~tactically~*~*~ (stealth).
  7080 | D:7      | 7080 ||| Stepping ~*~*~tactically~*~*~ (stealth).
  7091 | D:7      | 7091 ||| Stepping ~*~*~tactically~*~*~ (stealth).
  7098 | D:7      | 7098 ||| Stepping ~*~*~tactically~*~*~ (stealth).
  7193 | D:7      | Reached skill level 9 in Axes
  7345 | D:7      | Identified the ring of the Ban {Ice rElec Will- Str+3}
  7349 | D:7      | 7349 ||| Stepping ~*~*~tactically~*~*~ (stealth).
  7351 | D:7      | 7351 ||| Stepping ~*~*~tactically~*~*~ (stealth).
  7353 | D:7      | 7353 ||| Stepping ~*~*~tactically~*~*~ (hiding).
  7362 | D:7      | HP: 13/56 [orc/+0 trident (6)]
  7364 | D:7      | HP: 5/56 [orc warrior/+0 glaive (5)]
  7367 | D:7      | Engulfed by a steam dragon's steam

Levels and vault maps discovered:
D:1:      matt_arrival_spirals, layout_loops_ring,
          chequers_ecumenical_altar_simple_redux
D:2:      layout_basic, minmay_hexomino_f4
D:3:      layout_basic, nicolae_ashenzari_skybound, zin_academy,
          minmay_stone_trees_large
D:4:      cheibrodos_helix_gallery, layout_loops_ring
D:5:      minmay_chambers_of_fours, layout_layer_cave,
          nicolae_sif_muna_little_library, enter_ossuary_2
D:6:      layout_basic, nicolae_elyvilon_peaceful_grove,
          mainiacjoe_overflow_large_starburst, portal_sewer_entry_b,
          minmay_shop_damaged, corexii_leaking_fountain, uniq_grinder
D:7:      cheibrodos_barr_body, layout_loops_ring, trog_butcher_becter,
          lemuel_temple_firewalk_a, gammafunk_ghost_arena,
          roderic_cross_of_infinity

Skill      XL: |  1  2  3  4  5  6  7  8  9 |
---------------+----------------------------+-----
Axes           | 2 3 4 5 6 7 8 9 |  9.0
Throwing       | 1 2 |  2.2
Fighting       | 4 6 |  6.3
Dodging        | 1 |  1.7
Armour         | 4 |  4.0
Shields        | |  3.9

Action                   |  1- 3 |  4- 6 |  7- 9 || total
-------------------------+-------+-------+-------++-------
Melee: War axe           |    79 |   143 |   164 ||   386
Throw: Javelin           |    20 |    44 |    40 ||   104
  Use: Scroll            |     6 |     6 |     2 ||    14
       Potion            |     1 |     2 |     1 ||     4
 Stab: Sleeping          |       |       |     2 ||     2
       Distracted        |       |       |     1 ||     1
Armor: Scale mail        |    34 |     8 |       ||    42
       Chain mail        |       |    23 |       ||    23
       Shadow dragon sca |       |    71 |   111 ||   182
Dodge: Dodged            |    49 |    52 |    69 ||   170
Block: Buckler           |    21 |    12 |    21 ||    54

Table legend:
 A = Non-vault XP
 B = Vault XP
 C = Vault XP percentage of total XP
 D = Non-vault monster count
 E = Vault monster count
 F = Vault count percentage of total count
                 A         B        C        D         E       F
            +---------+---------+-------+---------+---------+-------
      Total |    2239 |     670 |  23.0 |     109 |      18 |  14.2
            +---------+---------+-------+---------+---------+-------
        D:1 |      24 |       0 |   0.0 |      15 |       0 |   0.0
        D:2 |      91 |       8 |   8.1 |      21 |       4 |  16.0
        D:3 |     202 |       0 |   0.0 |      21 |       0 |   0.0
        D:4 |     389 |      16 |   4.0 |      16 |       2 |  11.1
        D:5 |     418 |     350 |  45.6 |      15 |       6 |  28.6
        D:6 |     142 |     296 |  67.6 |       6 |       6 |  50.0
        D:7 |     973 |       0 |   0.0 |      15 |       0 |   0.0
            +---------+---------+-------+---------+---------+-------
